 Dungeon Crawl Stone Soup version 0.25.1-2-g60ff931df9 (webtiles) character file.

Game seed: 8247530271640236071

532533 protoss039 the Archmage (level 25, -3/208 HPs)
             Began as a Deep Elf Earth Elementalist on Aug 7, 2020.
             Was a High Priest of Sif Muna.
             Slain by an azure jelly (6 damage)
             ... on level 2 of the Pits of Slime on Aug 8, 2020.
             The game lasted 07:58:23 (95950 turns).

protoss039 the Archmage (DEEE)                     Turns: 95950, Time: 07:58:24

Health: -3/208     AC: 40    Str:  9    XL:     25   Next: 1%
Magic:  12/56      EV: 14    Int: 44    God:    Sif Muna [*****.]
Gold:   1867       SH:  5    Dex: 19    Spells: 15/78 levels left

rFire    . . .     SeeInvis .   B - +4 flail of Suckib {distort, rPois MR+ Str+4 Dex+4}
rCold    x . .     Gourm    .   (no shield)
rNeg     + + +     Faith    .   (armour currently unavailable)
rPois    ∞         Spirit   .   e - +2 helmet
rElec    +         Reflect  +   S - +2 cloak {MR+}
rCorr    +         Harm     .   (gloves currently unavailable)
MR       ++++.                  (boots currently unavailable)
Stlth    +++.......             Y - amulet of Siebo {Reflect rC- rN++ Int+5 SH+5}
HPRegen  0.44/turn              E - +6 ring of intelligence
MPRegen  0.35/turn              C - ring of resist corrosion

@: about to teleport, statue-form, very slightly contaminated, invisible, very
slow
A: no striking features
}: 2/15 runes: serpentine, barnacled
a: End Transformation, Channel Magic, Forget Spell, Divine Exegesis, Renounce
Religion


You were on level 2 of the Pits of Slime.
You worshipped Sif Muna.
Sif Muna was extremely pleased with you.
You were not hungry.
You were a stone statue.
You visited 11 branches of the dungeon, and saw 53 of its levels.
You also visited: Ossuary, Gauntlet and Wizlab.

You collected 6661 gold pieces.
You spent 4794 gold pieces at shops.

Inventory:

Hand Weapons
 B - the +4 flail of Suckib (weapon) {distort, rPois MR+ Str+4 Dex+4}
   (You bought it in a shop on level 2 of the Orcish Mines)

   It warps and distorts space around it.
   Unwielding it can cause banishment or high damage.
   It affects your strength (+4).
   It affects your dexterity (+4).
   It protects you from poison.
   It affects your resistance to hostile enchantments.
 O - the +10 dire flail of the Crypt {elec, rC++ MR+ Dex+3}
   (You took it off a merfolk aquamancer on level 4 of the Shoals)

   Occasionally, upon striking a foe, it will discharge some electrical energy
   and cause terrible harm.
   It affects your dexterity (+3).
   It greatly protects you from cold.
   It affects your resistance to hostile enchantments.
Armour
 c - a +2 robe of cold resistance (melded)
 e - a +2 helmet (worn)
 o - a +2 pair of boots of running (melded)
 M - the +2 pair of gloves of Kikubaaqudgha's Whim (melded) {Harm rPois rN+ Str+4}
   (You found it on level 10 of the Dungeon)

   It affects your strength (+4).
   It protects you from poison.
   It protects you from negative energy.
   It increases damage dealt and taken.
 S - a +2 cloak of magic resistance (worn)
Magical Staves
 u - an uncursed staff of wizardry
Jewellery
 l - the amulet of Vitality {Regen+ HP+15}
   (You found it on level 3 of the Depths)

   [amulet of regeneration]

   It affects your health (+15).
   It increases your rate of regeneration.
 x - the ring "Duwanam" {rF+ MR+ Dex+2 Stlth-}
   (You found it on level 4 of the Shoals)

   [ring of attention]

   It affects your dexterity (+2).
   It protects you from fire.
   It affects your resistance to hostile enchantments.
   It makes you less stealthy.
 C - a ring of resist corrosion (right hand)
 D - an uncursed ring of protection from cold
 E - a +6 ring of intelligence (left hand)
 I - the ring "Sischinn" {+Fly Dex+5}
   (You found it in a wizard's laboratory)

   [ring of flight]

   It affects your dexterity (+5).
   It lets you fly.
 P - an uncursed ring of see invisible
 V - an uncursed ring of magical power
 Y - the amulet of Siebo (around neck) {Reflect rC- rN++ Int+5 SH+5}
   (You found it on level 2 of the Lair of Beasts)

   [amulet of reflection]

   It shields you and reflects attacks.
   It affects your intelligence (+5).
   It makes you vulnerable to cold.
   It greatly protects you from negative energy.
   It affects your SH (+5).
Wands
 h - a wand of clouds (25)
 H - a wand of digging (24)
 N - a wand of iceblast (54)
 Q - a wand of acid (31)
Scrolls
 a - 2 scrolls of blinking
 b - 35 scrolls of remove curse
 p - 8 scrolls of fog
 q - 6 scrolls of magic mapping
 s - 7 scrolls of teleportation
 t - 5 scrolls of fear
 J - 8 scrolls of enchant armour
 K - 4 scrolls of amnesia
 U - a scroll of summoning
 W - 5 scrolls of identify
Potions
 f - 2 potions of invisibility
 g - 6 potions of haste
 i - 11 potions of curing
 j - 11 potions of mutation
 k - 3 potions of magic
 r - 8 potions of brilliance
 v - 11 potions of might
 w - a potion of cancellation
 A - 6 potions of ambrosia
 G - 5 potions of flight
 R - 4 potions of resistance
Miscellaneous
 L - 3 boxes of beasts
 Z - 3 phantom mirrors
Comestibles
 d - 73 rations


   Skills:
 - Level 17.0 Fighting
 - Level 3.0 Dodging
 - Level 3.0 Stealth
 O Level 27 Spellcasting
 - Level 14.0 Conjurations
 - Level 2.0 Charms
 - Level 10.0 Summonings
 - Level 18.0 Necromancy
 - Level 2.0 Translocations
 * Level 10.4 Transmutations
 - Level 2.0 Air Magic
 - Level 23.0 Earth Magic
   Level 2.0 Poison Magic
 - Level 12.0 Invocations


You had 15 spell levels left.
You knew the following spells:

 Your Spells              Type           Power        Failure   Level  Hunger
b - Passwall              Tmut/Erth      ########     0%          2    None
d - Petrify               Tmut/Erth      ########     0%          4    None
e - Lee's Rapid Deconstr  Erth           ########..   0%          5    None
f - Borgnjor's Vile Clut  Necr/Erth      ########..   0%          5    None
g - Statue Form           Tmut/Erth      ########.    1%          6    None
h - Iron Shot             Conj/Erth      ########..   1%          6    None
i - Spellforged Servitor  Conj/Summ      ########..   1%          7    None
j - Lehudib's Crystal Sp  Conj/Erth      ########..   1%          8    None
k - Swiftness             Chrm/Air       ######..     1%          2    None
l - Shatter               Erth           ########..   1%          9    None
m - Necromutation         Tmut/Necr      ########..   4%          8    None
o - Apportation           Tloc           ######       1%          1    None

Your spell library contained the following spells:

 Spells                   Type           Power        Failure   Level  Hunger
 Animate Skeleton         Necr           N/A          0%          1    None
 Beastly Appendage        Tmut           ######       0%          1    None
 Foxfire                  Conj/Fire      ####         0%          1    None
 Magic Dart               Conj           ####         0%          1    None
 Pain                     Necr           ####         0%          1    None
 Sandblast                Erth           ######       0%          1    None
 Shock                    Conj/Air       ####         0%          1    None
 Summon Butterflies       Summ           #######.     0%          1    None
 Summon Small Mammal      Summ           ####         0%          1    None
 Call Imp                 Summ           #######.     0%          2    None
 Corpse Rot               Necr/Air       N/A          0%          2    None
 Searing Ray              Conj           ######       0%          2    None
 Sticks to Snakes         Tmut           ########     0%          2    None
 Sublimation of Blood     Necr           ########..   0%          2    None
 Call Canine Familiar     Summ           #######.     0%          3    None
 Stone Arrow              Conj/Erth      ######       0%          3    None
 Vampiric Draining        Necr           ########..   0%          3    None
 Animate Dead             Necr           N/A          0%          4    None
 Dispel Undead            Necr           ########     0%          4    None
 Agony                    Necr           ########     0%          5    None
 Corona                   Hex            ######.      1%          1    None
 Freeze                   Ice            ####         1%          1    None
 Infusion                 Chrm           ####         1%          1    None
 Sting                    Tmut/Pois      ####         1%          1    None
 Blink                    Tloc           N/A          1%          2    None
 Ensorcelled Hibernation  Hex/Ice        ######       1%          2    None
 Poisonous Vapours        Pois/Air       ######       1%          2    None
 Shroud of Golubria       Chrm/Tloc      ######       1%          2    None
 Slow                     Hex            ######..     1%          2    None
 Song of Slaying          Chrm           ######..     1%          2    None
 Confusing Touch          Hex            ######..     1%          3    None
 Conjure Flame            Conj/Fire      #######.     1%          3    None
 Dazzling Flash           Conj/Hex       ######       1%          3    None
 Frozen Ramparts          Ice            ######       1%          3    None
 Gell's Gravitas          Tloc           ######....   1%          3    None
 Ignite Poison            Fire/Tmut/Pois #######.     1%          3    None
 Inner Flame              Hex/Fire       ######..     1%          3    None
 Lesser Beckoning         Tloc           ######....   1%          3    None
 Mephitic Cloud           Conj/Pois/Air  #######.     1%          3    None
 Ozocubu's Armour         Chrm/Ice       ######..     1%          3    None
 Portal Projectile        Hex/Tloc       ######       1%          3    None
 Recall                   Summ/Tloc      N/A          1%          3    None
 Spectral Weapon          Hex/Chrm       ######..     1%          3    None
 Spider Form              Tmut/Pois      #######...   1%          3    None
 Static Discharge         Conj/Air       #######.     1%          3    None
 Summon Guardian Golem    Hex/Summ       #######.     1%          3    None
 Teleport Other           Tloc           ######..     1%          3    None
 Tukima's Dance           Hex            ######..     1%          3    None
 Airstrike                Air            ######....   1%          4    None
 Fulminant Prism          Conj/Hex       #######...   1%          4    None
 Hailstorm                Conj/Ice       #######.     1%          4    None
 Ice Form                 Ice/Tmut       #######.     1%          4    None
 Iskenderun's Mystic Bla  Conj/Tloc      #######.     1%          4    None
 Leda's Liquefaction      Hex/Erth       ########..   1%          4    None
 Olgreb's Toxic Radiance  Pois           ######..     1%          4    None
 Passage of Golubria      Tloc           N/A          1%          4    None
 Sticky Flame             Conj/Fire      #######.     1%          4    None
 Summon Ice Beast         Ice/Summ       #######.     1%          4    None
 Summon Lightning Spire   Summ/Air       #######.     1%          4    None
 Alistair's Intoxication  Tmut/Pois      #######.     1%          5    None
 Aura of Abjuration       Summ           #######...   1%          5    None
 Blade Hands              Tmut           ########..   1%          5    None
 Bolt of Magma            Conj/Fire/Erth ########..   1%          5    None
 Excruciating Wounds      Chrm/Necr      #######...   1%          5    None
 Fireball                 Conj/Fire      #######...   1%          5    None
 Irradiate                Conj/Tmut      ########..   1%          5    None
 Iskenderun's Battlesphe  Conj/Chrm      #######.     1%          5    None
 Lightning Bolt           Conj/Air       #######...   1%          5    None
 Summon Demon             Summ           #######...   1%          5    None
 Summon Forest            Summ/Tloc      #######...   1%          5    None
 Summon Mana Viper        Hex/Summ       #######.     1%          5    None
 Yara's Violent Unravell  Hex/Tmut       #######...   1%          5    None
 Conjure Ball Lightning   Conj/Air       #######...   1%          6    None
 Death Channel            Necr           ########..   1%          6    None
 Hydra Form               Tmut           ########..   1%          6    None
 Shadow Creatures         Summ           N/A          1%          6    None
 Simulacrum               Ice/Necr       #######...   1%          6    None
 Starburst                Conj/Fire      #######...   1%          6    None
 Haunt                    Necr/Summ      ########..   1%          7    None
 Orb of Destruction       Conj           ########..   1%          7    None
 Borgnjor's Revivificati  Necr           ########..   1%          8    None
 Cause Fear               Hex            ######....   2%          4    None
 Eringya's Noxious Bog    Tmut/Pois      #######...   2%          6    None
 Dragon Form              Tmut           ########..   2%          7    None
 Monstrous Menagerie      Summ           #######...   3%          7    None
 Summon Greater Demon     Summ           #######...   3%          7    None
 Summon Hydra             Summ           #######...   3%          7    None
 Silence                  Hex/Air        ######....   4%          5    None
 Freezing Cloud           Conj/Ice/Air   #######...   4%          6    None
 Metabolic Englaciation   Hex/Ice        ######....   6%          5    None
 Dispersal                Tloc           ######....   16%         6    None
 Malign Gateway           Summ/Tloc      #######...   17%         7    None
 Death's Door             Chrm/Necr      #######...   26%         8    None
 Summon Horrible Things   Summ           #######...   26%         8    None
 Darkness                 Hex            ######....   34%         6    None
 Invisibility             Hex            ######..     34%         6    None
 Ozocubu's Refrigeration  Ice            ######....   34%         6    None
 Chain Lightning          Conj/Air       #######...   50%         8    None
 Ring of Flames           Chrm/Fire      ######....   78%         7    None
 Dragon's Call            Summ           #######...   98%         9    None
 Controlled Blink         Tloc           N/A          100%        8    None
 Discord                  Hex            ######....   100%        8    None
 Disjunction              Tloc           ######....   100%        8    None
 Ignition                 Fire           ######....   100%        8    None
 Absolute Zero            Ice            ######....   100%        9    None
 Fire Storm               Conj/Fire      #######...   100%        9    None
 Tornado                  Air            ######....   100%        9    None


Dungeon Overview and Level Annotations

Branches:
Dungeon (15/15)            Temple (1/1) D:6            Lair (6/6) D:8
 Shoals (4/4) Lair:4        Snake (4/4) Lair:2        Slime (5/5) Lair:5
    Orc (2/2) D:11            Elf (3/3) Orc:2        Vaults (5/5) D:13
  Crypt (3/3) Vaults:3       Tomb (0/3) Crypt:3      Depths (5/5) D:15
    Zot (0/5) Depths:5    Ossuary (visited)          WizLab (visited)
Gauntlet (visited)

Altars:
Ashenzari
Cheibriados
Dithmenos
Elyvilon
Fedhas
Gozag
Hepliaklqana
Kikubaaqudgha
Makhleb
Nemelex Xobeh
Okawaru
Qazlal
Ru
Sif Muna
Trog
Uskayaw
Vehumet
Wu Jian
Xom
Yredelemnul
Zin
The Shining One
Beogh
Jiyva

Shops:
D:5 [   D:13 (   Orc:2 (!(([:   Elf:1 *   Elf:2 (   Snake:3 !*(((:   Snake:4 *
Vaults:2 ??   Depths:1 *:   Depths:2 [

Portals:
Hell: Depths:1 Depths:2 Depths:3 Depths:4 Depths:5
Abyss: Depths:4
Pandemonium: Depths:3
Ziggurat: Depths:5
Trove: Vaults:1 (give 14 scrolls of teleportation)

Annotations:
D:6 1 exclusion
D:8 2 exclusions
D:10 1 exclusion
D:14 2 exclusions
Snake:1 1 exclusion
Slime:5 Royal Jelly
Depths:1 4 exclusions
Depths:5 1 exclusion


Message History

Press: ? - help, Dir - move target cursor
As you read the scroll of blinking, it crumbles to dust.
An azure jelly comes into view.
The azure jelly quivers.
Your spellforged servitor points at the azure jelly and mumbles some strange words.
The crystal spear hits the azure jelly!!!
The azure jelly hits your spellforged servitor but does no damage. x3
The azure jelly closely misses your spellforged servitor.
Unknown command.
Unknown command.
Unknown command.
As you read the scroll of teleportation, it crumbles to dust.
You feel strangely unstable.
The azure jelly hits your spellforged servitor!
The azure jelly freezes your spellforged servitor.
Your spellforged servitor resists.
The azure jelly misses your spellforged servitor.
The azure jelly hits your spellforged servitor but does no damage. x2
The azure jelly hits you.
You die...

#..........#
#.....#.# #
##.8...#.#.#
#...J.......
#.......##..
##..>....#.
#.....#..G.
#...J..##..
#.8....G...
#.J....##.G
#......# .
......#...
##.##..##..
.. #.# . ..
.. ##. .##


You could see 2 azure jellies, a slime creature (wandering), 2 eyes of draining
and a friendly spellforged servitor (summoned).

Vanquished Creatures
  3 ancient liches
  A juggernaut (Depths:2)
  Boris (Vaults:4)
  2 caustic shrikes
  A curse toe (Crypt:3)
  Saint Roka (Snake:4)
  Nikola (Snake:2)
  3 liches
  Jorgrun (D:13)
  2 tentacled monstrosities
  A Cloud Mage (WizLab)
  5 sphinxes
  7 ancient champions
  10 acid blobs
  5 tengu reavers
  10 nagarajas
  Ilsuiw (Shoals:2)
  2 revenants (Crypt:3)
  8 azure jellies
  6 fire giants
  8 deep elf sorcerers
  3 frost giants
  4 vault wardens
  The ghost of protoss039 the Protected, a journeyman GnEE of Ashenzari (Lair:2)
  Aizul (Lair:2)
  An orc warlord (Orc:2)
  An iron dragon (Depths:2)
  4 ghouls
  A reaper (Crypt:3)
  3 deep elf elementalists (Elf:3)
  4 curse skulls
  5 ironheart preservers
  13 stone giants
  A caustic shrike skeleton (Depths:4)
  19 very ugly things
  8 deep elf demonologists
  3 entropy weavers
  4 vampire knights
  A black draconian (Depths:5)
  3 lorocyprocas (Depths:1)
  A purple draconian (Depths:5)
  Nessos (D:13)
  2 minotaurs
  4 deep elf annihilators (Elf:3)
  A dire elephant (Lair:6)
  5 spark wasps
  A merfolk javelineer (Shoals:4)
  10 ettins
  5 death oozes (Depths:1)
  5 deep elf death magi
  A pearl dragon zombie (Crypt:2)
  A mummy priest (Crypt:3)
  11 fire dragons
  4 blizzard demons (WizLab)
  9 great orbs of eyes
  A deep elf high priest (Elf:3)
  Harold (D:11)
  7 jiangshi
  3 merfolk impalers
  10 yaktaur captains
  The ghost of billymom2 the Spear-Bearer, a journeyman MiBe of Trog (Orc:1)
  4 ice dragons
  27 vault guards
  5 hydras
  5 catoblepae
  7 naga warriors
  8 spriggan air magi
  2 merfolk avatars
  2 ghost crabs (WizLab)
  19 anacondas
  2 alligator snapping turtles
  3 merfolk aquamancers
  5 death knights
  A satyr (Shoals:4)
  7 ogre magi
  12 two-headed ogres
  4 death yaks (Lair:5)
  21 dancing weapons
  11 centaur warriors
  10 deep troll shamans
  An orc high priest (Elf:1)
  A queen ant (Lair:5)
  7 vampire magi
  8 deep troll earth magi
  10 shock serpents
  8 tengu warriors
  Urug (Orc:2)
  3 soul eaters
  3 hell hogs (Crypt:2)
  A titan skeleton (Crypt:2)
  3 spriggan berserkers
  13 deep elf knights
  8 naga sharpshooters
  7 hell knights
  Sonja (Lair:5)
  Nergalle (Lair:2)
  4 iron trolls
  38 skeletal warriors
  2 shadow wraiths
  A sixfirhy (Depths:3)
  8 sea snakes
  A sea snake (shapeshifter) (D:15)
  6 unseen horrors
  6 glowing orange brains
  A swamp dragon (shapeshifter) (Vaults:3)
  26 deep trolls
  4 wizards
  3 death drakes (WizLab)
  3 naga ritualists
  13 deep elf archers
  3 large abominations (Elf:1)
  2 flayed ghosts
  A lindwurm (Lair:6)
  10 harpies (Shoals:1)
  9 orc knights
  Pikel (D:6)
  A shadow dragon zombie (Crypt:3)
  A golden dragon skeleton (Crypt:1)
  4 phantasmal warriors
  8 ironbrand convokers
  A shadow demon (Depths:1)
  A mana viper (Snake:4)
  2 wolf spiders
  4 necromancers
  A stone giant zombie (Crypt:3)
  49 ugly things
  3 shining eyes
  9 fauns
  6 orc sorcerers
  7 manticores
  6 cyclopes
  47 deep elf magi
  A salamander (shapeshifter) (Depths:1)
  5 merfolk sirens
  2 manticores (shapeshifter)
  A moth of wrath (Lair:2)
  2 apis skeletons (Crypt:2)
  10 salamanders
  13 vault sentinels
  4 guardian serpents (Snake:4)
  4 apocalypse crabs (WizLab)
  A frost giant skeleton (Depths:4)
  Maurice (D:9)
  4 water nymphs
  25 black mambas
  18 naga magi
  A rust devil (Depths:3)
  3 gargoyles
  4 elephants (Gauntlet)
  2 torpor snails
  A centaur skeleton (D:12)
  Maggie (Lair:2)
  15 spiny frogs
  A swamp worm zombie (Crypt:3)
  An efreet (D:11)
  2 ice devils (Depths:3)
  A yaktaur (shapeshifter) (Depths:3)
  3 rime drakes
  9 komodo dragons
  3 kobold demonologists
  37 yaktaurs
  12 freezing wraiths
  2 tengu conjurers
  2 hellwings
  3 guardian mummies (Crypt:3)
  3 meliai (D:14)
  14 merfolk
  A queen bee (shapeshifter) (Vaults:3)
  7 trolls
  A polar bear (shapeshifter) (Depths:2)
  2 polar bears
  2 jumping spiders (shapeshifter)
  2 blink frogs
  6 hornets
  3 harpy zombies
  A tyrant leech (Gauntlet)
  7 wind drakes
  A slime creature (shapeshifter) (D:15)
  2 snapping turtles
  A troll (shapeshifter) (Vaults:2)
  An ettin zombie (Crypt:3)
  A meliai zombie (D:15)
  14 hippogriffs
  48 slime creatures
  17 dream sheep
  An alligator zombie (Crypt:1)
  A fire giant simulacrum (Crypt:1)
  3 flying skulls (Crypt:2)
  11 air elementals
  A black mamba zombie (Crypt:1)
  13 water elementals
  A centaur simulacrum (D:15)
  Sigmund (D:5)
  7 shadows
  A fire dragon skeleton (Crypt:1)
  A vampire (D:12)
  40 yaks
  7 wraiths
  3 spriggans
  Grum (D:9)
  Eustachio (D:6)
  5 fire elementals
  A hog (shapeshifter) (Vaults:4)
  3 wyverns
  An ushabti (Crypt:3)
  A golden eye (shapeshifter) (Elf:1)
  A steam dragon (D:5)
  4 vampire mosquitoes (D:13)
  5 basilisks
  2 basilisks (shapeshifter)
  3 hungry ghosts
  4 golden eyes
  47 nagas
  4 wargs
  16 soldier ants (Lair:5)
  3 swamp worms (Gauntlet)
  7 porcupines
  18 water moccasins
  54 orc warriors
  3 slaves
  A floating eye (Depths:4)
  13 ice beasts
  6 sky beasts
  3 phantoms
  2 hornet zombies
  2 black bears
  2 eyes of draining
  2 necrophages
  14 wolves
  23 ogres
  12 boggarts
  An ettin simulacrum (Vaults:3)
  35 centaurs
  6 crocodiles
  A draconian zombie (Crypt:1)
  3 elf zombies
  A yaktaur zombie (Crypt:3)
  7 big kobolds
  25 bullfrogs
  4 earth elementals
  A wyvern zombie (D:13)
  3 wyvern skeletons (D:14)
  A queen bee zombie (Crypt:2)
  2 scorpions
  7 killer bees
  A troll zombie (Crypt:2)
  21 wights
  A killer bee (shapeshifter) (Vaults:3)
  4 howler monkeys
  6 crimson imps
  3 bullfrog zombies
  3 quasits
  3 centaur zombies
  8 jellies
  Crazy Yiuf (D:5)
  A black bear skeleton (Crypt:2)
  22 orc priests
  6 bullfrog skeletons
  6 hounds
  42 orc wizards
  3 iron imps (Depths:3)
  Natasha (thrice) (D:2)
  27 worker ants
  5 iguanas
  A basilisk skeleton (Crypt:1)
  3 hell rats (Lair:6)
  A dwarf zombie (Crypt:1)
  An ogre skeleton (Crypt:3)
  A tengu skeleton (Crypt:1)
  2 hound zombies
  3 mummies (Ossuary)
  2 worker ant zombies
  3 gnolls (D:4)
  12 adders
  8 river rats (Lair:6)
  A shadow imp (D:5)
  A white imp (Depths:2)
  An ufetubus (Depths:3)
  8 oozes
  An adder skeleton (Crypt:1)
  7 adder zombies (Ossuary)
  A worm (shapeshifter) (Depths:3)
  3 leopard geckos
  123 orcs
  3 bats
  4 giant cockroaches
  5 goblins
  7 hobgoblins
  9 jackals
  6 quokkas
  A ball python (D:3)
  3 frilled lizards
  A giant cockroach zombie (Crypt:3)
  6 goblin zombies (Ossuary)
  2 hobgoblin zombies (Ossuary)
  4 jackal zombies (Ossuary)
  31 kobolds
  2 kobold zombies (Ossuary)
  A leopard gecko skeleton (D:6)
  An orc simulacrum (Crypt:3)
  An orc skeleton (Crypt:3)
  2 orc zombies (Ossuary)
  A quokka skeleton (D:4)
  4 quokka zombies (Ossuary)
  9 rats
  3 rat zombies (Ossuary)
  3 fungi
  9 plants
  2 tentacles (Shoals:1)
2015 creatures vanquished.

Vanquished Creatures (collateral kills)
  2 caustic shrikes (Depths:5)
  A golden dragon (Depths:5)
  2 profane servitors
  A deep elf blademaster (Elf:3)
  A deep elf master archer (Elf:3)
  3 acid blobs
  A kraken (Shoals:1)
  An ancient champion (Crypt:3)
  Polyphemus (Shoals:2)
  A storm dragon (Depths:5)
  A revenant (Crypt:1)
  2 frost giants
  A fire giant (Depths:5)
  2 azure jellies
  An iron dragon (Depths:4)
  A cacodemon (Depths:3)
  4 deep elf sorcerers
  4 vault wardens
  Louise (Shoals:2)
  A deep elf elementalist (Elf:3)
  4 ironheart preservers
  6 ghouls
  A reaper (Crypt:3)
  6 very ugly things
  A deep elf demonologist (Elf:3)
  4 stone giants
  A draconian annihilator (Depths:5)
  6 deep elf annihilators (Elf:3)
  A white draconian (Depths:5)
  A spark wasp (WizLab)
  A black draconian (Depths:5)
  5 eidola
  A pearl dragon zombie (Crypt:2)
  3 death oozes
  3 ettins
  5 merfolk javelineers
  7 jiangshi
  2 deep elf death magi (Elf:3)
  A merfolk impaler (Shoals:4)
  A mummy priest (Crypt:3)
  A yaktaur captain (Depths:2)
  2 ogre magi
  2 fire dragons
  2 vault guards (Vaults:1)
  2 deep elf high priests (Elf:3)
  A rakshasa (Vaults:1)
  4 ice dragons
  2 spriggan air magi (WizLab)
  2 centaur warriors
  A satyr (Shoals:4)
  4 death yaks (Shoals:2)
  A two-headed ogre (Vaults:3)
  2 merfolk aquamancers
  A vampire mage (Crypt:1)
  9 dancing weapons
  3 deep troll shamans
  2 deep troll earth magi
  7 deep elf knights
  A shock serpent (WizLab)
  5 hell knights
  2 iron trolls
  A titan skeleton (Crypt:3)
  6 skeletal warriors
  6 sea snakes
  5 deep trolls
  An ironbrand convoker (Vaults:1)
  3 harpies (Shoals:1)
  An infernal demonspawn (Depths:3)
  2 orc knights (Vaults:4)
  6 phantasmal warriors
  A deep elf archer (Elf:2)
  An iron dragon zombie (Crypt:1)
  3 necromancers
  A shadow dragon skeleton (Crypt:3)
  11 fauns
  11 ugly things
  10 deep elf magi
  A frost giant zombie (Depths:4)
  4 cyclopes
  A manticore (Shoals:4)
  2 apis skeletons (Crypt:2)
  2 merfolk sirens
  3 water nymphs (Shoals:4)
  2 eyes of devastation
  3 vault sentinels
  A yaktaur (shapeshifter) (Vaults:1)
  A tengu conjurer (Depths:2)
  2 freezing wraiths (Crypt:1)
  A guardian mummy (Crypt:3)
  A hellwing (Depths:5)
  A green draconian skeleton (Crypt:2)
  2 harpy zombies (Shoals:2)
  A red devil (Depths:5)
  10 yaktaurs
  A golden dragon simulacrum (Depths:4)
  15 merfolk
  2 wind drakes
  30 slime creatures
  A dream sheep (Shoals:4)
  2 snapping turtles
  A bog body (Crypt:2)
  3 hippogriffs
  A frost giant simulacrum (Depths:4)
  An ettin zombie (Crypt:3)
  An air elemental (Elf:1)
  A black mamba zombie (Crypt:2)
  4 water elementals
  A shadow (Crypt:1)
  4 wraiths
  An ushabti (Crypt:3)
  4 large abominations (Elf:1)
  A golden eye (Slime:2)
  A monstrous demonspawn zombie (Crypt:1)
  A warg (Vaults:4)
  An acid dragon (Vaults:2)
  5 soldier ants (Lair:5)
  A glowing shapeshifter zombie (Crypt:2)
  An infernal demonspawn zombie (Crypt:3)
  A snapping turtle zombie (Crypt:1)
  2 eyes of draining
  3 ogres (Vaults:3)
  A hippogriff zombie (Shoals:2)
  An elf zombie (Elf:1)
  A cyclops zombie (Crypt:3)
  A quasit (Depths:3)
  A jelly (Depths:1)
  An orc priest (Vaults:4)
  An orc wizard (Vaults:4)
  A white imp (Depths:3)
  A rat (Lair:6)
  2 tentacles (Shoals:1)
356 creatures vanquished.

Vanquished Creatures (others)
  A merfolk javelineer (Shoals:2)
  A deep elf archer (Elf:2)
  A naga ritualist (Snake:4)
  A naga mage (Snake:2)
  A slime creature (Vaults:3)
  A water elemental (Depths:4)
  A necrophage (Crypt:2)
  An orc wizard (Snake:4)
  An orc (D:5)
  10 fungi
  112 plants
  13 tentacles (Shoals:1)
  8 withered plants (Crypt:3)
152 creatures vanquished.

Grand Total: 2523 creatures vanquished

Notes
Turn   | Place    | Note
-------+----------+-------------------------------------------
     0 | D:1      | protoss039 the Deep Elf Earth Elementalist began the quest
                  | for the Orb.
     0 | D:1      | Reached XP level 1. HP: 10/10 MP: 6/6
   410 | D:1      | Reached XP level 2. HP: 9/15 MP: 6/8
  1355 | D:2      | Reached XP level 3. HP: 19/19 MP: 7/10
  1721 | D:2      | Noticed Natasha
  1726 | D:2      | Killed Natasha
  1726 | D:2      | Reached skill level 4 in Spellcasting
  1727 | D:2      | Reached XP level 4. HP: 6/24 MP: 7/12
  1944 | D:2      | Noticed Natasha
  2081 | D:2      | Killed Natasha
  2272 | D:2      | Learned a level 2 spell: Passwall
  2276 | D:2      | Learned a level 3 spell: Stone Arrow
  2298 | D:2      | Noticed Natasha
  2301 | D:2      | Killed Natasha
  2327 | D:2      | Found a faded altar of an unknown god.
  2627 | D:2      | Reached XP level 5. HP: 19/28 MP: 14/14
  2794 | D:3      | Learned a level 4 spell: Petrify
  2799 | D:3      | Found a bloodstained altar of Trog.
  2854 | D:3      | Reached skill level 5 in Spellcasting
  3122 | D:3      | Reached skill level 5 in Earth Magic
  3591 | D:4      | Noticed an ogre
  3596 | D:4      | Killed an ogre
  3596 | D:4      | Reached skill level 6 in Spellcasting
  3596 | D:4      | Reached XP level 6. HP: 32/32 MP: 5/17
  3669 | D:4      | Found a sand-covered staircase.
  3848 | D:4      | Learned a level 5 spell: Lee's Rapid Deconstruction
  3849 | Ossuary  | Entered an ossuary
  4122 | Ossuary  | Reached skill level 7 in Spellcasting
  5037 | Ossuary  | Reached XP level 7. HP: 35/36 MP: 5/19
  5125 | Ossuary  | Reached skill level 1 in Conjurations
  5620 | D:4      | Found a burning altar of Makhleb.
  5625 | D:4      | Found a snail-covered altar of Cheibriados.
  5627 | D:4      | Found a sparkling altar of Nemelex Xobeh.
  5670 | D:4      | Found a glowing golden altar of the Shining One.
  6005 | D:4      | Reached skill level 8 in Spellcasting
  6068 | D:5      | Entered Level 5 of the Dungeon
  6178 | D:5      | Noticed a steam dragon
  6580 | D:5      | Found Logoast's Armour Emporium.
  6763 | D:5      | Killed a steam dragon
  6763 | D:5      | Reached XP level 8. HP: 41/41 MP: 12/22
  6891 | D:5      | Noticed Sigmund
  6901 | D:5      | Reached skill level 9 in Spellcasting
  6904 | D:5      | Killed Sigmund
  7130 | D:5      | Found a runed translucent door.
  7131 | D:5      | Noticed Crazy Yiuf
  7144 | D:5      | Killed Crazy Yiuf
  7214 | D:6      | Noticed Eustachio
  7216 | D:6      | Noticed Pikel
  7219 | D:6      | Killed Eustachio
  7518 | D:6      | Found a staircase to the Ecumenical Temple.
  7574 | Temple   | Entered the Ecumenical Temple
  7854 | Temple   | Became a worshipper of Sif Muna the Loreminder
  7900 | D:6      | Found a stormy altar of Qazlal.
  7968 | D:6      | Killed Pikel
  7968 | D:6      | Reached skill level 1 in Fighting
  7968 | D:6      | Reached skill level 10 in Spellcasting
  7968 | D:6      | Reached skill level 1 in Invocations
  7968 | D:6      | Reached XP level 9. HP: 47/47 MP: 8/25
  8767 | D:7      | Noticed a cyclops
  8836 | D:7      | Reached skill level 11 in Spellcasting
  8908 | D:7      | Killed a cyclops
  9324 | D:7      | Found an ancient bone altar of Kikubaaqudgha.
  9391 | D:7      | Reached * piety under Sif Muna
  9490 | D:7      | You fall into a shaft and drop 3 floors!
  9490 | D:10     | Entered Level 10 of the Dungeon
  9513 | D:10     | Reached skill level 5 in Conjurations
  9525 | D:10     | Reached XP level 10. HP: 56/56 MP: 6/27
  9692 | D:9      | Noticed Maurice
  9708 | D:9      | Killed Maurice
  9708 | D:9      | Reached skill level 12 in Spellcasting
  9856 | D:9      | Noticed a two-headed ogre
  9864 | D:9      | Killed a two-headed ogre
  9864 | D:9      | Reached skill level 10 in Earth Magic
  9920 | D:9      | Reached skill level 5 in Invocations
 10340 | D:8      | Reached ** piety under Sif Muna
 10485 | D:8      | Found a staircase to the Lair.
 10584 | D:8      | Found a bloodstained altar of Trog.
 10967 | D:8      | Found a hazy altar of Hepliaklqana.
 11270 | D:8      | Identified a scroll of acquirement
 11273 | D:8      | Acquired 480 gold pieces
 11286 | D:9      | Noticed Grum
 11613 | D:9      | Reached skill level 13 in Spellcasting
 11786 | D:9      | Found a shimmering altar of Xom.
 12223 | D:9      | Killed Grum
 12223 | D:9      | Reached XP level 11. HP: 61/61 MP: 19/30
 13205 | D:10     | Got a pair of ichor-stained gloves
 13211 | D:10     | Identified the +2 pair of gloves of Kikubaaqudgha's Whim
                  | {Harm rPois rN+ Str+4} (You found it on level 10 of the
                  | Dungeon)
 13227 | D:10     | Reached *** piety under Sif Muna
 13484 | D:11     | Noticed a death knight
 13484 | D:11     | Noticed a skeletal warrior
 13484 | D:11     | Noticed a skeletal warrior
 13645 | D:11     | Killed an unseen horror
 13654 | D:11     | Noticed Harold
 13692 | D:11     | Killed Harold
 13697 | D:11     | Reached skill level 14 in Spellcasting
 14400 | D:11     | Killed a skeletal warrior
 14402 | D:11     | Killed a skeletal warrior
 14402 | D:11     | Reached skill level 5 in Fighting
 14402 | D:11     | Killed a death knight
 14973 | D:11     | Found a staircase to the Orcish Mines.
 15054 | D:11     | Noticed a two-headed ogre
 15058 | D:11     | Killed a two-headed ogre
 15321 | D:12     | Noticed a white ugly thing
 15502 | D:12     | Noticed a deep elf mage
 15510 | D:12     | Killed a deep elf mage
 15532 | D:12     | Reached **** piety under Sif Muna
 15540 | D:12     | Reached XP level 12. HP: 68/68 MP: 19/32
 15569 | D:12     | Reached skill level 15 in Spellcasting
 15590 | D:12     | Found a gate leading to a gauntlet.
 15601 | Gauntlet | Entered a Gauntlet
 15601 | Gauntlet | Found a transporter.
 15605 | Gauntlet | Found a transporter.
 15606 | Gauntlet | Found a transporter.
 15618 | Gauntlet | Found a runed translucent gate.
 15618 | Gauntlet | Found a runed translucent gate.
 15622 | Gauntlet | Found a runed translucent gate.
 15622 | Gauntlet | Found a transporter.
 15624 | Gauntlet | Found a transporter.
 15638 | Gauntlet | Found a transporter.
 15651 | Gauntlet | Found a transporter.
 15655 | Gauntlet | Found a transporter.
 15667 | Gauntlet | Found the +0 sword of Power
 15673 | Gauntlet | Found a transporter.
 15677 | Gauntlet | Found a transporter.
 15687 | Gauntlet | Found a transporter.
 15693 | Gauntlet | Found a transporter.
 15714 | Gauntlet | Found a transporter.
 15716 | Gauntlet | Found the +7 Singing Sword {vorpal, sonic wave}
 15717 | Gauntlet | Noticed a dire elephant
 15728 | Gauntlet | Found a transporter.
 15769 | Gauntlet | Learned a level 1 spell: Apportation
 16187 | Gauntlet | Got a pair of masterwork boots
 16207 | Gauntlet | Identified the cursed +0 pair of boots of Cadwan {-Cast
                  | rPois rC+} (You found it in a Gauntlet)
 16243 | Gauntlet | Identified the +9 flail of Fatigue {holy, +Inv rElec Dex-5}
 16243 | Gauntlet | Identified the +9 plate armour of Filth {*Drain rF++ MR+}
 16243 | Gauntlet | Noticed a minotaur
 16268 | Gauntlet | Killed a minotaur
 16295 | Gauntlet | Found the +4 robe of Augmentation {Str+4 Int+4 Dex+4}
 17073 | D:12     | Noticed a centaur warrior
 17087 | D:12     | Reached skill level 16 in Spellcasting
 17180 | D:12     | Noticed a tengu warrior
 17185 | D:12     | Killed a tengu warrior
 17287 | D:12     | Killed a centaur warrior
 17294 | D:12     | Noticed a tengu warrior
 17297 | D:12     | Killed a tengu warrior
 17303 | D:12     | Noticed an ogre mage
 17535 | D:12     | Noticed a tengu reaver
 17542 | D:12     | Killed a tengu reaver
 17543 | D:12     | Reached XP level 13. HP: 29/75 MP: 5/35
 17784 | D:12     | Reached ***** piety under Sif Muna
 17784 | D:12     | Received a gift from Sif Muna
 18055 | D:12     | Identified the Volume of Battle Magic
 18442 | D:13     | Reached skill level 1 in Translocations
 18527 | D:13     | Reached skill level 17 in Spellcasting
 18555 | D:13     | Noticed Jorgrun
 18925 | D:13     | Found Yfo Werphogu's Antique Weapon Shop.
 19014 | D:13     | Noticed Nessos
 19067 | D:13     | Killed Nessos
 20585 | D:13     | Received a gift from Sif Muna
 20946 | D:13     | Killed Jorgrun
 20946 | D:13     | Reached XP level 14. HP: 42/82 MP: 26/37
 21351 | D:13     | Found a gate to the Vaults.
 21457 | D:14     | Learned a level 6 spell: Statue Form
 21464 | D:14     | Learned a level 6 spell: Iron Shot
 21465 | D:15     | Entered Level 15 of the Dungeon
 21465 | D:15     | Found a shimmering altar of Xom.
 22697 | D:15     | Reached skill level 10 in Invocations
 22698 | D:15     | Reached skill level 18 in Spellcasting
 23292 | D:15     | Reached skill level 5 in Transmutations
 23472 | D:15     | Reached skill level 15 in Earth Magic
 23588 | D:15     | Received a gift from Sif Muna
 24280 | D:15     | Found a staircase to the Depths.
 25012 | D:15     | Learned a level 5 spell: Irradiate
 25137 | Lair:1   | Entered Level 1 of the Lair of Beasts
 25869 | Lair:2   | Noticed protoss039's ghost (journeyman GnEE)
 25877 | Lair:2   | Found a transporter.
 26268 | Lair:2   | Found a transporter.
 26295 | Lair:2   | Noticed Maggie
 26297 | Lair:2   | Killed Maggie
 26298 | Lair:2   | Reached XP level 15. HP: 88/88 MP: 32/39
 26622 | Lair:2   | Noticed Nergalle
 26629 | Lair:2   | Killed Nergalle
 26818 | Lair:2   | Found a staircase to the Snake Pit.
 27034 | Lair:3   | Identified Vuttuixa's Incunabulum of Stolen Souls and
                  | Feathers (Sif Muna gifted it to you on level 3 of the Lair
                  | of Beasts)
 27034 | Lair:3   | Received a gift from Sif Muna
 27074 | Lair:3   | Learned a level 4 spell: Summon Lightning Spire
 27251 | Lair:3   | Reached skill level 19 in Spellcasting
 27873 | Lair:3   | Got a twisted war axe
 27874 | Lair:3   | Identified the +7 war axe of Pandemonium {flame, rPois rC+
                  | Str+2 Dex-2} (You found it on level 3 of the Lair of
                  | Beasts)
 28188 | Lair:4   | Reached skill level 1 in Air Magic
 28194 | Lair:4   | Reached skill level 1 in Summonings
 28622 | Lair:4   | Found a staircase to the Shoals.
 29308 | Lair:5   | Found a viscous altar of Jiyva.
 29309 | Lair:5   | Found a staircase to the Slime Pits.
 29859 | Lair:5   | You fall into a shaft and drop 1 floor!
 29859 | Lair:6   | Entered Level 6 of the Lair of Beasts
 29988 | Lair:5   | Noticed Sonja
 29999 | Lair:5   | Killed Sonja
 30857 | Lair:6   | Identified Kanoas's Papyrus of Feathery Creation (Sif Muna
                  | gifted it to you on level 6 of the Lair of Beasts)
 30857 | Lair:6   | Received a gift from Sif Muna
 30875 | Lair:6   | Learned a level 3 spell: Mephitic Cloud
 33596 | Orc:1    | Entered Level 1 of the Orcish Mines
 33994 | Orc:1    | Identified Sif Muna's Papyrus of Supportive Enchantment
                  | (Sif Muna gifted it to you on level 1 of the Orcish Mines)
 33994 | Orc:1    | Received a gift from Sif Muna
 34436 | Orc:1    | Reached XP level 16. HP: 96/96 MP: 22/41
 35002 | Orc:2    | Entered Level 2 of the Orcish Mines
 35007 | Orc:2    | Found Beax's Weapon Boutique.
 35007 | Orc:2    | Noticed Urug
 35009 | Orc:2    | Reached skill level 1 in Poison Magic
 35012 | Orc:2    | Killed Urug
 35164 | Orc:2    | Noticed billymom2's ghost (journeyman MiBe)
 35213 | Orc:2    | Found a staircase to the Elven Halls.
 35541 | Orc:2    | Found a roughly hewn altar of Beogh.
 35695 | Orc:2    | Found a runed translucent gate.
 35695 | Orc:2    | Found a runed translucent gate.
 35695 | Orc:2    | Found a runed translucent gate.
 35714 | Orc:2    | Identified Sif Muna's Reference Book on the Escort (Sif
                  | Muna gifted it to you on level 2 of the Orcish Mines)
 35714 | Orc:2    | Received a gift from Sif Muna
 35721 | Orc:2    | Found a roughly hewn altar of Beogh.
 35740 | Orc:2    | Learned a level 7 spell: Spellforged Servitor
 35798 | Orc:2    | Found Jeuzao's Distillery.
 35846 | Orc:2    | Bought 2 potions of mutation for 160 gold pieces
 35846 | Orc:2    | Bought a potion of magic for 80 gold pieces
 35846 | Orc:2    | Bought a potion of ambrosia for 80 gold pieces
 35846 | Orc:2    | Bought a potion of ambrosia for 80 gold pieces
 35846 | Orc:2    | Bought a potion of might for 40 gold pieces
 35846 | Orc:2    | Bought a potion of flight for 30 gold pieces
 35846 | Orc:2    | Bought 2 potions of curing for 60 gold pieces
 36435 | Orc:2    | Found Kosywao's Antique Armour Shop.
 36435 | Orc:2    | Found a roughly hewn altar of Beogh.
 36439 | Orc:2    | Found Neabaupnup's Antique Weapon Boutique.
 36457 | Orc:2    | Bought a pair of glowing boots for 240 gold pieces
 36457 | Orc:2    | Bought an embroidered cloak for 240 gold pieces
 36585 | Orc:2    | Found a roughly hewn altar of Beogh.
 36822 | Orc:2    | Found a roughly hewn altar of Beogh.
 36844 | Orc:2    | Found Pompou's Antique Weapon Shoppe.
 36934 | Orc:2    | Found Amuicol's Book Emporium.
 36968 | Orc:2    | Bought an ichor-stained flail for 280 gold pieces
 36968 | Orc:2    | Bought a jewelled rapier for 297 gold pieces
 36969 | Orc:2    | Identified the +1 rapier of Annihilation {flame, Str+2}
                  | (You bought it in a shop on level 2 of the Orcish Mines)
 36970 | Orc:2    | Identified the +4 flail of Suckib {distort, rPois MR+ Str+4
                  | Dex+4} (You bought it in a shop on level 2 of the Orcish
                  | Mines)
 37215 | Orc:2    | Found a roughly hewn altar of Beogh.
 37240 | Orc:2    | Found a roughly hewn altar of Beogh.
 37556 | Orc:2    | Identified Sif Muna's Reference Book on the Virous Blaze
                  | (Sif Muna gifted it to you on level 2 of the Orcish Mines)
 37556 | Orc:2    | Received a gift from Sif Muna
 37802 | Orc:1    | Killed billymom2's ghost
 37998 | Lair:2   | Reached skill level 20 in Spellcasting
 38006 | Lair:2   | Killed protoss039's ghost
 38017 | Lair:2   | Got a sparkling lead amulet
 38044 | Lair:2   | Identified the amulet of Siebo {Reflect rC- rN++ Int+5
                  | SH+5} (You found it on level 2 of the Lair of Beasts)
 38228 | Snake:1  | Entered Level 1 of the Snake Pit
 38269 | Snake:1  | Noticed Aizul
 38304 | Lair:2   | Killed Aizul
 39568 | Snake:2  | Reached skill level 5 in Summonings
 39796 | Snake:2  | Noticed Nikola
 39807 | Snake:2  | Killed Nikola
 39807 | Snake:2  | Reached skill level 10 in Conjurations
 40407 | Snake:3  | Found Mooggism's Distillery.
 40547 | Snake:3  | Bought a potion of curing for 54 gold pieces
 40547 | Snake:3  | Bought a potion of heal wounds for 90 gold pieces
 40547 | Snake:3  | Bought a potion of curing for 54 gold pieces
 40547 | Snake:3  | Bought a potion of invisibility for 144 gold pieces
 40547 | Snake:3  | Bought a potion of heal wounds for 90 gold pieces
 40547 | Snake:3  | Bought a potion of might for 72 gold pieces
 40547 | Snake:3  | Bought a potion of mutation for 144 gold pieces
 40547 | Snake:3  | Bought a potion of heal wounds for 90 gold pieces
 40547 | Snake:3  | Bought a potion of haste for 180 gold pieces
 40746 | Snake:3  | Found Helampul's Antique Weapon Emporium.
 40759 | Snake:3  | Found Zoinuc's Book Emporium.
 40759 | Snake:3  | Found Radiober's Weapon Shoppe.
 40762 | Snake:3  | Found Xak Vies's Weapon Shoppe.
 41366 | Snake:3  | Found Xidghet's Assorted Antiques.
 41469 | Snake:3  | Bought a scroll of blinking for 285 gold pieces
 41734 | Snake:4  | Entered Level 4 of the Snake Pit
 42015 | Snake:4  | Identified Sif Muna's Almanac of the Traveller (Sif Muna
                  | gifted it to you on level 4 of the Snake Pit)
 42015 | Snake:4  | Received a gift from Sif Muna
 42245 | Snake:4  | Reached XP level 17. HP: 54/101 MP: 30/43
 42252 | Snake:4  | Noticed Saint Roka
 42617 | Snake:4  | Found Yqae's Mass Market.
 42875 | Snake:4  | Killed Saint Roka
 43361 | Snake:4  | Reached skill level 10 in Fighting
 44357 | Snake:4  | Learned a level 2 spell: Swiftness
 44372 | Snake:4  | Reached skill level 1 in Charms
 45904 | Snake:4  | Identified Wighi's Handbook of Darkness and Translocation
                  | (Sif Muna gifted it to you on level 4 of the Snake Pit)
 45904 | Snake:4  | Received a gift from Sif Muna
 46028 | Snake:4  | Got a serpentine rune of Zot
 46107 | Snake:3  | Bought a blackened trident for 221 gold pieces
 46231 | Shoals:1 | Entered Level 1 of the Shoals
 47432 | Shoals:1 | Noticed a kraken
 47626 | Shoals:1 | Reached XP level 18. HP: 107/107 MP: 31/44
 48672 | Shoals:2 | Noticed Ilsuiw
 49136 | Shoals:2 | Received a gift from Sif Muna
 49245 | Shoals:2 | Killed Ilsuiw
 49368 | Shoals:2 | Noticed Louise
 49374 | Shoals:2 | Killed Louise
 49409 | Shoals:2 | Noticed Polyphemus
 49420 | Shoals:2 | Killed Polyphemus
 50578 | Shoals:3 | Reached skill level 10 in Summonings
 50720 | Shoals:4 | Entered Level 4 of the Shoals
 51224 | Shoals:4 | Identified the +10 dire flail of the Crypt {elec, rC++ MR+
                  | Dex+3}
 51568 | Shoals:4 | Identified Sif Muna's Almanac of the Rocks and Battle Magic
                  | (Sif Muna gifted it to you on level 4 of the Shoals)
 51568 | Shoals:4 | Received a gift from Sif Muna
 52021 | Shoals:4 | Got a barnacled rune of Zot
 52064 | Shoals:4 | Got a slimy silver ring
 52067 | Shoals:4 | Identified the ring "Duwanam" {rF+ MR+ Dex+2 Stlth-} (You
                  | found it on level 4 of the Shoals)
 52647 | Shoals:4 | Learned a level 8 spell: Lehudib's Crystal Spear
 53627 | Elf:1    | Entered Level 1 of the Elven Halls
 54606 | Elf:1    | Reached skill level 21 in Spellcasting
 54759 | Elf:1    | Identified Asmodeus's Compendium of Confrontation and the
                  | Escort (Sif Muna gifted it to you on level 1 of the Elven
                  | Halls)
 54759 | Elf:1    | Received a gift from Sif Muna
 54838 | Elf:1    | Found Isapt's Assorted Antiques.
 54894 | Elf:1    | Bought a scroll of teleportation for 126 gold pieces
 54894 | Elf:1    | Bought a scroll of identify for 84 gold pieces
 54973 | Elf:1    | Identified the Almanac of Unholy Magic
 54982 | Elf:1    | Learned a level 5 spell: Borgnjor's Vile Clutch
 54986 | Elf:1    | Identified the cursed +0 trident "Eskuxt" {holy, rPois rC+}
                  | (You bought it in a shop on level 3 of the Snake Pit)
 55493 | Elf:2    | Reached skill level 1 in Necromancy
 55493 | Elf:2    | Reached XP level 19. HP: 108/113 MP: 24/46
 56667 | Elf:2    | Found Iho Vuugg's Antique Weapon Shop.
 56825 | Elf:2    | Found a huge runed translucent gate.
 56825 | Elf:2    | Found a huge runed translucent gate.
 56825 | Elf:2    | Found a huge runed translucent gate.
 56825 | Elf:2    | Found a huge runed translucent gate.
 56825 | Elf:2    | Found a huge runed translucent gate.
 57451 | Elf:2    | Identified Sif Muna's Almanac of Execration and the
                  | Mountains (Sif Muna gifted it to you on level 2 of the
                  | Elven Halls)
 57451 | Elf:2    | Received a gift from Sif Muna
 57995 | Elf:3    | Entered Level 3 of the Elven Halls
 59050 | Elf:3    | Reached skill level 22 in Spellcasting
 59465 | Elf:3    | Reached skill level 5 in Necromancy
 59887 | Elf:3    | Identified the +9 whip "Jellyslayer" {vorpal, Fragile rN+
                  | Str+4}
 60864 | Elf:3    | Identified the +0 buckler of Distant Shores {*Drain rN+
                  | Slay+2 Stlth+}
 60864 | Elf:3    | Identified the ring "Siamiob" {rC++ Int-4 Dex+7 Slay+4}
 61190 | Elf:3    | Identified Soc Ysho's Guide on Battle Magic and
                  | Transformation
 61332 | Elf:3    | Noticed a Tzitzimitl
 61476 | Vaults:1 | Entered Level 1 of the Vaults
 61507 | Vaults:1 | Identified Daloos's Grimoire of Black Rites (Sif Muna
                  | gifted it to you on level 1 of the Vaults)
 61507 | Vaults:1 | Received a gift from Sif Muna
 61580 | Vaults:1 | Reached XP level 20. HP: 120/120 MP: 3/48
 62038 | Vaults:1 | You fall into a shaft and drop 1 floor!
 64285 | Vaults:1 | Found a portal to a secret trove of treasure.
 64628 | Vaults:1 | Reached skill level 23 in Spellcasting
 64809 | Vaults:2 | Identified Sif Muna's Incunabulum of Transmigration and
                  | Evil (Sif Muna gifted it to you on level 2 of the Vaults)
 64809 | Vaults:2 | Received a gift from Sif Muna
 65477 | Vaults:2 | Found Waesadikk's Magic Scroll Boutique.
 65522 | Vaults:2 | Bought a scroll of magic mapping for 52 gold pieces
 65522 | Vaults:2 | Bought a scroll of summoning for 142 gold pieces
 65522 | Vaults:2 | Bought a scroll of fog for 30 gold pieces
 65619 | Vaults:2 | Found Huatzyte's Magic Scroll Shop.
 65622 | Vaults:2 | Bought a scroll of identify for 38 gold pieces
 65622 | Vaults:2 | Bought 3 scrolls of identify for 114 gold pieces
 65622 | Vaults:2 | Bought a scroll of magic mapping for 66 gold pieces
 65622 | Vaults:2 | Bought a scroll of magic mapping for 66 gold pieces
 65622 | Vaults:2 | Bought a scroll of fog for 38 gold pieces
 65622 | Vaults:2 | Bought a scroll of enchant armour for 142 gold pieces
 65622 | Vaults:2 | Bought a scroll of enchant armour for 142 gold pieces
 66286 | Vaults:2 | Learned a level 9 spell: Shatter
 66714 | Vaults:3 | Identified the +9 great sword of Lyzamil {vorpal, rPois
                  | Dex+5} (You found it on level 3 of the Vaults)
 67225 | Vaults:3 | Reached skill level 24 in Spellcasting
 67646 | Vaults:3 | Found a staircase to the Crypt.
 68066 | Vaults:3 | You fall into a shaft and drop 1 floor!
 68512 | Vaults:4 | Identified Dueworph's Reference Book on the Lethal Compass
                  | (Sif Muna gifted it to you on level 4 of the Vaults)
 68512 | Vaults:4 | Received a gift from Sif Muna
 68642 | Vaults:4 | Noticed Boris
 68653 | Vaults:4 | Killed Boris
 69068 | Vaults:4 | Reached XP level 21. HP: 127/127 MP: 33/51
 69534 | Vaults:4 | Noticed an ancient lich
 69539 | Vaults:4 | Killed an ancient lich
 69539 | Vaults:4 | Reached skill level 25 in Spellcasting
 71311 | Depths:1 | Entered Level 1 of the Depths
 71561 | D:5      | Bought a +2 robe of cold resistance for 247 gold pieces
 71818 | Depths:1 | Reached skill level 26 in Spellcasting
 72580 | Depths:1 | Received a gift from Sif Muna
 72720 | Depths:1 | Found Ceoll's Assorted Antiques.
 72745 | Depths:1 | Bought a scroll of fog for 64 gold pieces
 72745 | Depths:1 | Bought a scroll of blinking for 240 gold pieces
 72745 | Depths:1 | Bought a scroll of teleportation for 96 gold pieces
 72745 | Depths:1 | Bought a potion of curing for 96 gold pieces
 72882 | Depths:1 | Found Aryen's Book Boutique.
 73258 | Depths:1 | Found a gateway to Hell.
 73459 | Depths:2 | Found Jufeazod's Antique Armour Boutique.
 74346 | Depths:2 | Reached skill level 27 in Spellcasting
 74467 | Depths:2 | Identified the Guide on the Mountains
 75473 | Depths:2 | Identified Sif Muna's Almanac of Lightness and the Glacier
                  | (Sif Muna gifted it to you on level 2 of the Depths)
 75473 | Depths:2 | Received a gift from Sif Muna
 75685 | Depths:2 | Reached XP level 22. HP: 89/135 MP: 42/55
 76381 | Depths:2 | Noticed a juggernaut
 76390 | Depths:2 | Killed a juggernaut
 78417 | Depths:3 | Found a one-way gate leading to the halls of Pandemonium.
 78418 | Depths:3 | You fall into a shaft and drop 2 floors!
 78418 | Depths:5 | Entered Level 5 of the Depths
 78427 | Depths:5 | Noticed a caustic shrike
 78430 | Depths:5 | Noticed a caustic shrike
 78430 | Depths:5 | Noticed a caustic shrike
 78455 | Depths:5 | Killed a caustic shrike
 78457 | Depths:5 | HP: 7/179 [acid (10)]
 78471 | Depths:5 | Killed a caustic shrike
 78472 | Depths:5 | HP: 5/180 [acid (8)]
 78474 | Depths:5 | Killed a caustic shrike
 78474 | Depths:5 | Reached skill level 15 in Fighting
 78475 | Depths:5 | Identified Sif Muna's Guide on the Escort and Attacks (Sif
                  | Muna gifted it to you on level 5 of the Depths)
 78475 | Depths:5 | Received a gift from Sif Muna
 79339 | Depths:5 | Noticed a golden dragon
 79347 | Depths:5 | Killed a golden dragon
 79935 | Depths:5 | Found a gate to the Realm of Zot.
 79977 | Depths:5 | Noticed an ancient lich
 79985 | Depths:5 | Killed an ancient lich
 80101 | Depths:5 | Found a gateway to a ziggurat.
 80486 | Depths:5 | Identified the +7 demon whip of the Lair of Beasts {elec,
                  | rN+ Str+4 Dex+5} (You found it on level 5 of the Depths)
 81119 | Depths:4 | Received a gift from Sif Muna
 81119 | Depths:4 | Reached XP level 23. HP: 148/148 MP: 3/56
 82669 | Depths:3 | Noticed a caustic shrike
 82671 | Depths:3 | Killed a caustic shrike
 83203 | Depths:3 | Found the amulet of Vitality {Regen+ HP+15}
 84552 | Depths:4 | Identified the Catalogue of Icy Enchantment
 84637 | Depths:4 | Received a gift from Sif Muna
 84900 | Depths:4 | Found a one-way gate to the infinite horrors of the Abyss.
 84976 | Depths:4 | You fall into a shaft and drop 1 floor!
 85783 | Crypt:1  | Entered Level 1 of the Crypt
 87932 | Crypt:1  | Identified Jiesm's Guide on Ghastly Calling (Sif Muna
                  | gifted it to you on level 1 of the Crypt)
 87932 | Crypt:1  | Received a gift from Sif Muna
 88696 | Crypt:2  | Identified a +1 pair of boots of running (You found it on
                  | level 2 of the Crypt)
 88922 | Crypt:2  | Reached skill level 10 in Necromancy
 89798 | Crypt:2  | Reached XP level 24. HP: 136/155 MP: 33/56
 90033 | Crypt:2  | Found a basalt altar of Yredelemnul.
 90311 | Crypt:3  | Entered Level 3 of the Crypt
 90363 | Crypt:3  | Noticed an ancient lich
 90367 | Crypt:3  | Killed an ancient lich
 90507 | Crypt:3  | Found a magical portal.
 90512 | WizLab   | Entered The Chambers of the Cloud Mage
 90521 | WizLab   | Identified Sif Muna's Grimoire of Hurtful Summoning (Sif
                  | Muna gifted it to you in a wizard's laboratory)
 90521 | WizLab   | Received a gift from Sif Muna
 91490 | WizLab   | Got a pitted tin ring
 91495 | WizLab   | Identified the Tome of the Birds
 91501 | WizLab   | Identified the ring "Sischinn" {+Fly Dex+5} (You found it
                  | in a wizard's laboratory)
 91842 | Crypt:3  | Found a staircase to the Tomb.
 92594 | Crypt:3  | Reached skill level 15 in Necromancy
 93029 | Crypt:3  | Received a gift from Sif Muna
 93421 | Crypt:3  | Found a basalt altar of Yredelemnul.
 93624 | Crypt:3  | Found an ancient bone altar of Kikubaaqudgha.
 93631 | Crypt:3  | Found the +5 scythe "Finisher" {speed, eviscerate}
 93688 | Crypt:3  | Identified the +0 hand axe "Zilaupro" {drain, *Rage rF+ rC+
                  | Dex+3} (You found it on level 3 of the Crypt)
 93719 | Crypt:3  | Learned a level 8 spell: Necromutation
 93821 | Vaults:5 | Entered Level 5 of the Vaults
 94220 | Slime:1  | Entered Level 1 of the Pits of Slime
 94954 | Slime:3  | Received a gift from Sif Muna
 95161 | Slime:5  | Entered Level 5 of the Pits of Slime
 95687 | Slime:5  | Noticed the Royal Jelly
 95846 | Slime:5  | Reached skill level 10 in Transmutations
 95931 | Slime:3  | Found a viscous altar of Jiyva.
 95936 | Slime:3  | Reached XP level 25. HP: 47/160 MP: 11/56
 95948 | Slime:2  | HP: 2/208 [azure jelly (48)]
 95950 | Slime:2  | Slain by an azure jelly

Illustrated notes

Levels and vault maps discovered:
D:1:      dpeg_arrival_tiny_j, layout_loops_corners, minmay_misc_feat_rugged,
          chequers_serial_rivers_small_a
D:2:      layout_basic, first_ration, chequers_ecumenical_altar_simple,
          grunt_ministairs_13, uniq_natasha
D:3:      layout_loops_ring, nicolae_overflow_crystal_walls
D:4:      layout_loops_ring, grunt_temple_overflow_open, tso_metal_star,
          nicolae_ossuary_entry_ruins
D:5:      layout_layer_cave, serial_shops, shop_statue, uniq_crazy_yiuf_cottage,
          uniq_sigmund
D:6:      layout_loops_cross, minmay_temple_entry_wispy,
          nicolae_qazlal_eye_of_the_storm, uniq_eustachio, uniq_pikel
D:7:      layout_rooms, kiku_gazebo_garden_becter, the_bakery
D:8:      layout_basic, kennysheep_mini, lair_entry_dummy,
          chequers_serial_rivers_marsh, trog_three_pillars_becter
D:9:      layout_basic, brannock_xom_greatest_gift, uniq_maurice, uniq_grum
D:10:     layout_small_grid
D:11:     layout_irregular_city, orc_0_dummy, uniq_harold
D:12:     evilmike_diamond_2, layout_irregular_city, gauntlet_entry_generic,
          st_stairs_7, hangedman_abyss_or_decor_passed
D:13:     layout_basic, serial_shops, shop, portal_ice_cave_entry_ice_beasts,
          uniq_jorgrun, uniq_nessos
D:14:     layout_basic, small_statue_alley_a
D:15:     gammafunk_enter_depths_forms, layout_basic, lemuel_tele_altar,
          serial_park_tiny_pond
Temple:   oiseaux_autumnal_temple
Lair:1:   layout_chaotic_city
Lair:2:   layout_gridlike, minmay_snake_entry_guardpost_medium,
          gammafunk_ghost_berserking_beasts, uniq_maggie, uniq_nergalle
Lair:3:   layout_chaotic_city, lemuel_fruit_fields
Lair:4:   layout_hall_layers, minmay_shoals_entry_centaurs, st_stairs_10,
          lemuel_fruit_fields, lemuel_fruit_tree
Lair:5:   layout_regular_city, slime_altar_1, zaba_anthell, uniq_sonja
Lair:6:   hangedman_lair_in_review, layout_cellular_growth,
          kennysheep_abandoned_house
Shoals:1: layout_shoals, nicolae_shoals_wave_tunnel
Shoals:2: layout_shoals, nicolae_shoals_undead_eyrie, uniq_louise, uniq_ilsuiw,
          uniq_polyphemus
Shoals:3: layout_shoals, yaktaur_hedge
Shoals:4: shoals_end_grunt_garden, layout_shoals
Snake:1:  layout_gridlike, special_room, serial_bayou_shore_b, uniq_aizul
Snake:2:  layout_misc_corridors, uniq_nikola
Snake:3:  layout_onion, serial_shops, shop, shop, drop_trap, minmay_shoptagon
Snake:4:  grunt_snake_rune_serpentine_throne, layout_gridlike, minmay_shop_mass,
          nicolae_snake_double_loop, uniq_saint_roka
Slime:1:  layout_caves, nicolae_slime_ancient_tower_intersection
Slime:2:  layout_caves, nicolae_slime_round_cave
Slime:3:  layout_caves, basic_altar
Slime:4:  layout_caves
Slime:5
Orc:1:    layout_caves, special_room [special_room_orc], nicolae_orc_tapped_out
Orc:2:    grunt_orc_community_town_hall, layout_caves,
          grunt_orc_community_big_house_2, grunt_orc_community_big_house_2,
          grunt_orc_community_house_3, grunt_orc_community_house_3,
          grunt_orc_community_house_3, grunt_orc_community_house_1,
          grunt_orc_community_house_3, serial_shops, nicolae_shop_stone, shop,
          maelrawn_ghost_gauntlet_escape, minmay_orc_temple_b, uniq_urug
Elf:1:    cheibrodos_salmonella, layout_onion_city, serial_shops,
          shop_fountains, minmay_elf_necromancy
Elf:2:    layout_geoelf_diagonals, serial_shops, shop
Elf:3:    minmay_elf_hall_four_x, layout_onion_city
Vaults:1: nicolae_vaults_circle_grid_a, vaults_room_fours,
          nicolae_vaults_network_barrier, v_rooms_6,
          hangedman_vaults_variations, ontoclasm_vaults_eye,
          nicolae_vaults_ninety_degrees, ontoclasm_vaults_gateway,
          vaults_room_semicircle, layout_vaults_chaotic_city,
          nicolae_trove_entry_diagonal
Vaults:2: v_misc_5, nicolae_vaults_mini_display_case, v_alt_pattern_1,
          v_pattern_5, vaults_room_corners, layout_vaults_omnigrid,
          serial_shops, shop_statue, nicolae_shop_behind_doors
Vaults:3: minmay_crypt_entry_simple_round, ontoclasm_vaults_misaligned,
          v_pattern_1, nicolae_vaults_quadrants,
          nicolae_vaults_diagonal_hallway_9, nicolae_vaults_triangles,
          v_misc_30, v_misc_23, nicolae_vaults_ring_of_whatevers,
          nicolae_vaults_little_squares_3, layout_vaults_omnicross
Vaults:4: hangedman_vaults_river_flow, vaults_room_door_ring,
          vaults_standard_mumra_enter_the_diamond, hangedman_vaults_corner,
          ontoclasm_vaults_hangar, v_misc_12, nicolae_vaults_fighting_squares,
          v_misc_24, grunt_vaults_hallway_short, ontoclasm_vaults_idyll,
          vaults_room_grid, layout_vaults_maze_snakey, uniq_boris
Vaults:5
Crypt:1:  layout_chaotic_city, corexii_leaking_fountain,
          ebering_dispersal_statue_hall, grunt_crypt_arrival_webbed
Crypt:2:  layout_chaotic_city, hangedman_blasphemy
Crypt:3:  lightli_unholy_cathedral, layout_chaotic_city,
          tomb_entry_forgotten_bobbens, mu_enter_wizlab_2, minivault_5
Depths:1: layout_long_grid, special_room [special_room_jelly],
          pf_dread_powers_of_hell, serial_shops, shop, shop, solitary_fountain,
          hangedman_decor_clover_reticule, nrook_kobold_shadow_demons
Depths:2: grunt_arcs, layout_small_grid, serial_shops,
          nicolae_shop_overgrown_old_shop, bh_walls_and_bars,
          hangedman_coc_ice_floe, hangedman_research_geology,
          infiniplex_staircase_pool_2, serial_bayou_shore_b,
          serial_bayou_shore_b
Depths:3: minmay_quarter_circles, layout_small_grid, corexii_hall_statues_x,
          grunt_pan_entry_in_and_out, grunt_hell_entry_dis_old,
          minmay_staircase_windowed_large
Depths:4: cheibrodos_lost_city_excavation, layout_basic,
          abyss_entry_small_statue_room, minmay_misc_feat_cross,
          grunt_metal_band, serial_bayou_shore_a
Depths:5: evilmike_zot_entry_basic, layout_cave_shapes, enter_ziggurat_d,
          hellmouth_1, hangedman_decor_cross_pass

Skill      XL: |  1  2  3  4  5  6  7  8  9 10 11 12 13 14 15 16 17 18 19 20 21 22 23 24 |
---------------+-------------------------------------------------------------------------+-----
Stealth        | 3 |  3.0
Earth Magic    | 4 5 6 7 8 9 11 12 13 14 15 16 17 19 20 21 23 | 23.0
Dodging        | 3 |  3.0
Spellcasting   | 4 6 7 8 10 11 13 14 16 17 18 19 20 21 22 24 27 | 27.0
Conjurations   | 3 4 5 6 7 8 11 12 14 | 14.0
Fighting       | 1 3 4 5 6 7 8 9 10 11 12 13 16 17 | 17.0
Invocations    | 1 4 6 7 8 9 10 11 12 | 12.0
Translocations | 2 |  2.0
Transmutations | 4 6 7 8 10 | 10.4
Air Magic      | 2 |  2.0
Summonings     | 3 6 8 10 | 10.0
Poison Magic   | 2 |  2.0
Charms         | 2 |  2.0
Necromancy     | 1 6 8 11 18 | 18.0

Action                   |  1- 3 |  4- 6 |  7- 9 | 10-12 | 13-15 | 16-18 | 19-21 | 22-24 | 25-27 || total
-------------------------+-------+-------+-------+-------+-------+-------+-------+-------+-------++-------
Melee: Unarmed           |     3 |       |       |       |       |       |       |       |       ||     3
       Dagger            |     1 |    49 |     4 |    11 |       |       |       |       |       ||    65
       Quarterstaff      |       |       |    28 |     5 |     4 |       |       |       |       ||    37
       Great sword       |       |       |       |       |    42 |       |       |       |       ||    42
       Flail             |       |       |       |       |     4 |    21 |    15 |    37 |       ||    77
       War axe           |       |       |       |       |    24 |     1 |       |       |       ||    25
Throw: Dart              |       |    19 |       |     4 |       |       |       |       |       ||    23
 Cast: Sandblast         |    30 |    51 |    23 |   103 |   176 |   120 |     3 |       |       ||   506
       Stone Arrow       |       |    47 |    81 |    99 |   201 |    83 |     3 |       |       ||   514
       Lee's Rapid Decon |       |       |    12 |   101 |   238 |   110 |   136 |   170 |       ||   767
       Passwall          |       |       |     1 |       |     2 |    13 |       |     4 |       ||    20
       Petrify           |       |       |     1 |    12 |    46 |    10 |     9 |       |       ||    78
       Statue Form       |       |       |       |       |     2 |    62 |    39 |    42 |       ||   145
       Iron Shot         |       |       |       |       |    48 |   362 |   255 |   273 |     1 ||   939
       Mephitic Cloud    |       |       |       |       |    25 |    30 |       |       |       ||    55
       Summon Lightning  |       |       |       |       |     5 |       |       |       |       ||     5
       Irradiate         |       |       |       |       |     1 |     3 |     3 |       |       ||     7
       Spellforged Servi |       |       |       |       |       |    62 |    56 |    82 |     1 ||   201
       Swiftness         |       |       |       |       |       |    10 |    11 |    30 |       ||    51
       Borgnjor's Vile C |       |       |       |       |       |       |   144 |   175 |       ||   319
       Lehudib's Crystal |       |       |       |       |       |       |     3 |     3 |       ||     6
       Shatter           |       |       |       |       |       |       |       |     6 |       ||     6
       Apportation       |       |       |       |       |       |       |       |     1 |       ||     1
       Necromutation     |       |       |       |       |       |       |       |    12 |       ||    12
Invok: Channel Magic     |       |       |       |       |       |     4 |     2 |     5 |       ||    11
 Abil: End Transformatio |       |       |       |       |     2 |    56 |    36 |    49 |       ||   143
       Evoke Flight      |       |       |       |       |       |    66 |       |       |       ||    66
       Stop Flying       |       |       |       |       |       |    20 |       |       |       ||    20
Evoke: Wand              |       |       |       |     5 |       |       |       |     3 |       ||     8
       Phantom mirror    |       |       |       |     1 |       |       |       |     1 |       ||     2
       Box of beasts     |       |       |       |       |       |       |       |     3 |       ||     3
  Use: Scroll            |       |       |     9 |    14 |    12 |    15 |    18 |    31 |     2 ||   101
       Potion            |       |       |       |     6 |     4 |     6 |     2 |    20 |       ||    38
 Stab: Sleeping          |     2 |     2 |     1 |     2 |     1 |       |       |       |       ||     8
       Invisible         |       |     2 |       |       |       |       |       |       |       ||     2
       Paralysed         |       |       |     3 |       |       |       |       |       |       ||     3
       Distracted        |       |       |     1 |       |     1 |     1 |       |     1 |       ||     4
       Petrified         |       |       |       |       |     3 |       |       |       |       ||     3
       Confused          |       |       |       |       |       |     1 |       |       |       ||     1
  Eat: Chunk             |     2 |     7 |    12 |    27 |    33 |    64 |    42 |    29 |       ||   216
       Ration            |       |     1 |     1 |       |     6 |     4 |     6 |    10 |       ||    28
Armor: Robe              |     1 |     6 |     1 |       |     2 |    27 |    26 |    67 |       ||   130
       Steam dragon scal |       |       |    13 |    51 |    77 |       |       |       |       ||   141
       Skin              |       |       |       |       |     3 |   263 |   111 |   240 |     5 ||   622
Dodge: Dodged            |    13 |    48 |    43 |    81 |   176 |   316 |   163 |   265 |     2 ||  1107
Block: Other             |       |       |       |       |    22 |   103 |    51 |   103 |       ||   279
       Reflection        |       |       |       |       |     3 |    37 |    27 |    10 |       ||    77
       Rpst.: Great sword |       |       |       |       |    11 |       |       |       |       ||    11
